 Dungeon Crawl Stone Soup version 0.27.0-1-g7a089689b8 (webtiles) character file.

Game seed: 15840853468618334976

37 robertstho the Skirmisher (level 3, 0/33 HPs)
             Began as a Draconian Berserker on Aug 6, 2021.
             Was a Believer of Trog.
             Slain by Sigmund (5 damage)
             ... on level 2 of the Dungeon.
             The game lasted 00:01:27 (1261 turns).

robertstho the Skirmisher (Draconian Berserker)     Turns: 1261, Time: 00:01:27

Health: 0/33       AC:  5    Str: 20    XL:     3   Next: 23%
Magic:  3/3        EV: 12    Int:  7    God:    Trog [**....]
Gold:   53         SH:  0    Dex: 10    Spells: 2/2 levels left

rFire    . . .     SeeInvis .   a - +0 hand axe
rCold    . . .     Faith    .   (no shield)
rNeg     . . .     Spirit   .   (armour unavailable)
rPois    .         Reflect  .   (helmet restricted)
rElec    .         Harm     .   (no cloak)
rCorr    .         Rampage  .   (no gloves)
Will     .....                  (no boots)
Stlth    +.........             (no amulet)
HPRegen  0.11/turn              (no ring)
MPRegen  0.08/turn              (no ring)

@: confused, on berserk cooldown, flying, slowed, very slow
A: AC +5, unfitting armour, cold-blooded
a: Renounce Religion, Berserk, Trog's Hand


You were on level 2 of the Dungeon.
You worshipped Trog.
Trog was pleased with you.
You visited 1 branch of the dungeon, and saw 2 of its levels.

You collected 53 gold pieces.

Inventory:

Hand Weapons
 a - a +0 hand axe (weapon)
Scrolls
 d - a scroll of magic mapping
Potions
 b - a potion of flight


   Skills:
 * Level 3.9 Fighting
 + Level 3.3 Axes
 * Level 3.2 Dodging


You had 2 spell levels left.
You didn't know any spells.
Your spell library was empty.

Dungeon Overview and Level Annotations

Branches:
Dungeon (2/15)

Altars:

Annotations:
D:2 Sigmund


Innate Abilities, Weirdness & Mutations

Your plain brown scales are hard. (AC +5)
You cannot fit into any form of body armour.
You are cold-blooded and may be slowed by cold attacks.


Message History

Sigmund mumbles some strange words.
Sigmund flickers and vanishes!
Deactivating autopickup; reactivate with Ctrl-A.
You feel a strong urge to attack something.
Something hits you!
You slash something! You barely miss something.
You hear some strange, mumbled words.
You are confused.
You bump into the tree.
Something hits you.
You feel a strong urge to attack something.
There is an open door here.
You feel your anger nearly subside.
You are no longer berserk.
You are exhausted.
You feel yourself slow down. Something hits you.
You are too confused!
It was a potion of flight.
You feel very buoyant.
You fly up into the air.
Something barely misses you.
It was a potion of heal wounds.
You feel much better. Something hits you.
Something hits you but does no damage.
You bump into the tree.
You feel less confused.
You hear some strange, mumbled words.
A puff of flame appears from out of thin air!
The puff of flame misses you. Something hits you. Something hits you!
Something hits you!
You hear some strange, mumbled words.
You are confused.
Something hits you but does no damage.
You bump into the rock wall.
Something hits you!
* * * LOW HITPOINT WARNING * * *
You feel less confused. Something hits you but does no damage.
You hear some strange, mumbled words.
You are confused.
You're too confused to move!
Something hits you.
You die...

#.#.##....#
######.#.#*,...#
#........#**.#.#
#........##..#,#
#............#,*
#........##..#,*
########.##..#,* ,*
####.....#.#### ,*
#...........@.# ,*
#.######.####.# ,*
#.# #.# #.# ,* #.#
####.####.## ,*
#.###..........# ,*
#.##..♣♣♣♣♣♣.#.# ,*
##.#..♣♣,,♣÷♣...# ,*
#....♣♣,,#####..#
***#...♣♣,*,#...#..#


There were no monsters in sight!

Vanquished Creatures
  A dart slug (D:1)
  2 ball pythons (D:1)
  3 bats (D:1)
  3 endoplasms (D:1)
  A giant cockroach (D:2)
  4 goblins (D:1)
  2 hobgoblins (D:1)
  3 jackals (D:1)
  5 quokkas (D:1)
  A frilled lizard (D:1)
  A kobold (D:1)
  4 rats (D:1)
30 creatures vanquished.

Notes
Turn   | Place    | Note
-------+----------+-------------------------------------------
     0 | D:1      | robertstho the Draconian Berserker began the quest for the
                  | Orb.
     0 | D:1      | Reached XP level 1. HP: 19/19 MP: 1/1
    63 | D:1      | Reached XP level 2. HP: 12/26 MP: 2/2
   764 | D:1      | Reached ** piety under Trog
   805 | D:1      | Reached XP level 3. HP: 33/33 MP: 3/3
  1237 | D:2      | Noticed Sigmund
  1261 | D:2      | Slain by Sigmund

Illustrated notes

Levels and vault maps discovered:
D:1:      matt_arrival_diagonals, layout_basic, minmay_misc_feat_enclosed
D:2:      layout_basic, dilly_ecumenical_altar_fadedgnrine, serial_shops, shop,
          kennysheep_nondescript, uniq_sigmund

Skill      XL: |  1  2 |
---------------+-------+-----
Dodging        | 3 |  3.2
Fighting       | |  3.9
Axes           | |  3.3

Action                   || total
-------------------------++-------
Melee: Hand axe          ||    90
       Tailslap          ||     4
Invok: Berserk           ||     2
  Use: Scroll            ||     3
       Potion            ||     2
 Stab: Sleeping          ||     2
Armor: Skin              ||    37
Dodge: Dodged            ||    68
